 Dungeon Crawl Stone Soup version 0.24.0-123-gd5b16e6ec5 (webtiles) character file.

Game seed: 6602243152435926142, levelgen mode: deterministic

10532 Napalmbreeze the Thaumaturge (level 11, 0/92 HPs)
             Began as a Demigod Fire Elementalist on Jan 20, 2020.
             Slain by a yak (8 damage)
             ... on level 8 of the Dungeon.
             The game lasted 00:30:29 (10640 turns).

Napalmbreeze the Thaumaturge (DgFE)                Turns: 10640, Time: 00:30:30

Health: 0/92       AC:  6    Str: 11    XL:     11   Next: 15%
Magic:  0/9        EV: 17    Int: 28    God:
Gold:   465        SH:  0    Dex: 16    Spells: 14/29 levels left

rFire    . . .     SeeInvis .   C - +12 trident "Edimpuk" {antimagic, *Rage rC+ rN+ Int+3}
rCold    + . .     Gourm    .   (no shield)
rNeg     + . .     Faith    .   t - +1 animal skin
rPois    .         Spirit   .   s - +0 helmet
rElec    .         Reflect  .   (no cloak)
rCorr    .         Harm     .   n - +0 pair of gloves
MR       +....     Rnd*Rage +   h - +0 pair of boots
Stlth    ++........             (no amulet)
HPRegen  0.25/turn              x - +5 ring of evasion
MPRegen  0.11/turn              (no ring)

@: berserk cooldown, slowed, very slow
A: high mp 1
a: no special abilities


You were on level 8 of the Dungeon.
You were not hungry.

You visited 1 branch of the dungeon, and saw 9 of its levels.

You collected 465 gold pieces.

Inventory:

Hand Weapons
 r - a +2 short sword of protection
 C - the +12 trident "Edimpuk" (weapon) {antimagic, *Rage rC+ rN+ Int+3}
   (You found it on level 6 of the Dungeon)

   It reduces the magical energy of the wielder, and disrupts the spells and
   magical abilities of those hit.
   Natural abilities and divine invocations are not affected.
   It affects your intelligence (+3).
   It protects you from cold.
   It protects you from negative energy.
   It may make you go berserk in combat.
Armour
 a - a +0 robe
 h - a +0 pair of boots (worn)
 n - a +0 pair of gloves (worn)
 s - a +0 helmet (worn)
 t - a +1 animal skin (worn)
Magical Staves
 l - an uncursed staff of energy
Jewellery
 x - a +5 ring of evasion (left hand)
Wands
 j - a wand of iceblast (16)
 w - a wand of polymorph (9)
 D - a wand of digging (10)
 F - a wand of enslavement (13)
Scrolls
 b - a scroll of enchant weapon
 d - 3 scrolls of magic mapping
 e - 10 scrolls of remove curse
 g - 2 scrolls of teleportation
 i - 4 scrolls of immolation
 k - 2 scrolls of fear {unknown}
 u - 3 scrolls of enchant armour {unknown}
 y - 3 scrolls of amnesia
 z - 2 scrolls of fog
Potions
 f - 3 potions of brilliance
 m - 3 potions of might
 o - 4 potions of magic
 p - 4 potions of lignification
 q - a potion of cancellation
 v - 2 potions of curing
 A - 3 potions of heal wounds {unknown}
 B - a potion of flight {unknown}
 E - a potion of resistance {unknown}
Comestibles
 c - 24 rations
 G - 6 chunks of flesh


   Skills:
 + Level 7.6 Fighting
 - Level 4.0 Polearms
 - Level 1.7 Dodging
 - Level 1.7 Stealth
 + Level 9.8 Spellcasting
 + Level 6.0 Conjurations
 + Level 7.8 Fire Magic


You had 14 spell levels left.
You knew the following spells:

 Your Spells              Type           Power        Failure   Level  Hunger
a - Flame Tongue          Conj/Fire      #####        1%          1    None
d - Conjure Flame         Conj/Fire      ######..     1%          3    None
e - Fireball              Conj/Fire      ######....   7%          5    ####...
f - Sticky Flame          Conj/Fire      ######..     2%          4    None
s - Throw Flame           Conj/Fire      ######       1%          2    None

Your spell library contained the following spells:

 Spells                   Type           Power        Failure   Level  Hunger
 Inner Flame              Hex/Fire       #####...     2%          3    None


Dungeon Overview and Level Annotations

Branches:
Dungeon (9/15)             Temple (0/1) D:6            Lair (0/6) D:8
    Orc (0/2) D:9

Shops:
D:4 %

Annotations:
D:4 3 runed translucent doors, Thomus's ghost, novice DECj


Innate Abilities, Weirdness & Mutations

You have an increased reservoir of magic. (+10% MP)


Message History

Aim: an orc priest (severely wounded)
The flame tongue hits the orc priest!
You kill the orc priest!
Your Conjurations skill increases to level 6!
The yak barely misses you. The yak closely misses you.
Unknown command.
Unknown command.
Casting: Flame Tongue (safe; 1% risk of failure)
Confirm with . or Enter, or press ? or * to list all spells.
Aiming: Sticky Flame (safe; 2% risk of failure)
Press: ? - help, Shift-Dir - straight line, f - yak
Aim: a yak The sticky flame hits the yak.
The yak is lightly wounded.
The yak is covered in liquid flames!
The yak burns!
The yak gores you!
* * * LOW HITPOINT WARNING * * *
The yak burns! x2; The yak closely misses you.
The yak burns!
You feel better.
The yak burns! x2; The yak stops burning.
The yak gores you!
You die...

......######## #......#
.....## #....... .....#
#..##### .....# #..# ..#..#
#=.# ..#..# ### #..# ..#.(###
##.## #######..#
.......###.#.#######[.......#
..........###...@Y><........#
#.########.#.###...#######..#
#.# ##...###...# #..# #.#
##.###.##...#### #..# #.#
#.## ##........####..# ..#
#.# #.........)รท...# ###
#.## ##........####.##
##.###.##...#### #.#
##...###...#######.#


You could see a yak.

Vanquished Creatures
  Harold (D:7)
  A hydra (D:8)
  Pikel (D:6)
  Joseph (D:8)
  3 hippogriffs
  2 dream sheep (D:8)
  13 yaks
  Grum (D:8)
  2 wargs (D:8)
  Menkaure (D:7)
  Duvessa (D:7)
  A water moccasin (D:9)
  3 ice beasts
  7 orc warriors
  A necrophage (D:7)
  6 ogres
  4 sky beasts
  3 phantoms
  A black bear (D:9)
  2 wolves (D:8)
  6 centaurs
  3 big kobolds (D:8)
  6 bullfrogs
  Dowan (D:7)
  5 scorpions
  3 howler monkeys
  A bullfrog zombie (D:9)
  A jelly (D:7)
  7 orc priests
  2 hounds
  A quasit (D:9)
  2 centaur skeletons
  Terence (D:3)
  An iguana (D:9)
  4 orc wizards
  5 worker ants
  2 hound skeletons
  Robin (D:2)
  A howler monkey skeleton (D:7)
  12 adders
  A gnoll (D:1)
  3 shadow imps
  2 oozes (D:4)
  An adder skeleton (D:9)
  2 worms
  9 leopard geckos
  35 orcs
  6 bats
  6 giant cockroaches
  5 hobgoblins
  11 jackals
  5 quokkas
  6 frilled lizards
  16 goblins
  11 kobolds
  A quokka skeleton (D:4)
  6 rats
246 creatures vanquished.

Vanquished Creatures (others)
  A sky beast (D:6)
  A slave (D:6)
  4 plants (D:8)
6 creatures vanquished.

Grand Total: 252 creatures vanquished

Notes
Turn   | Place    | Note
-------+----------+-------------------------------------------
     0 | D:1      | Napalmbreeze the Demigod Fire Elementalist began the quest
                  | for the Orb.
     0 | D:1      | Reached XP level 1. HP: 14/14 MP: 5/5
    40 | D:1      | Reached skill level 1 in Conjurations
   299 | D:2      | Reached XP level 2. HP: 22/22 MP: 5/7
   305 | D:2      | Learned a level 2 spell: Throw Flame
   436 | D:2      | Reached skill level 2 in Spellcasting
   638 | D:1      | Reached skill level 1 in Fighting
   906 | D:1      | Reached XP level 3. HP: 28/28 MP: 0/8
   915 | D:1      | Learned a level 3 spell: Conjure Flame
  1682 | D:2      | Noticed Robin
  1689 | D:2      | Killed Robin
  2048 | D:2      | Reached XP level 4. HP: 35/35 MP: 4/10
  2115 | D:3      | Noticed Terence
  2238 | D:3      | Killed Terence
  2300 | D:3      | Reached XP level 5. HP: 35/41 MP: 1/12
  3201 | D:4      | Found Teci's Food Emporium.
  3378 | D:4      | Found a runed translucent gate.
  3378 | D:4      | Found a runed translucent gate.
  3378 | D:4      | Found a runed translucent gate.
  3379 | D:4      | Noticed Thomus's ghost (novice DECj)
  3638 | D:4      | Noticed an ogre
  3646 | D:4      | Killed an ogre
  3646 | D:4      | Reached skill level 3 in Spellcasting
  3646 | D:4      | Reached XP level 6. HP: 50/50 MP: 1/13
  3959 | D:4      | Learned a level 4 spell: Sticky Flame
  3960 | D:5      | Entered Level 5 of the Dungeon
  4116 | D:5      | Reached XP level 7. HP: 57/57 MP: 4/15
  4195 | D:5      | Found a hazy altar of Hepliaklqana.
  4670 | D:5      | Found a blossoming altar of Fedhas.
  4678 | D:5      | Reached skill level 4 in Spellcasting
  5056 | D:6      | Reached skill level 5 in Fire Magic
  5185 | D:6      | Found a staircase to the Ecumenical Temple.
  5190 | D:6      | Reached XP level 8. HP: 67/67 MP: 10/18
  5194 | D:6      | Noticed Pikel
  5227 | D:6      | Killed Pikel
  5227 | D:6      | Reached skill level 5 in Spellcasting
  5227 | D:6      | Reached skill level 5 in Conjurations
  5315 | D:6      | Reached skill level 5 in Fighting
  5524 | D:6      | Got a dazzling trident
  5525 | D:6      | Identified the +12 trident "Edimpuk" {antimagic, *Rage rC+
                  | rN+ Int+3} (You found it on level 6 of the Dungeon)
  5660 | D:6      | Reached skill level 6 in Spellcasting
  6055 | D:7      | Reached skill level 1 in Polearms
  6087 | D:7      | Noticed Duvessa
  6088 | D:7      | Noticed Dowan
  6096 | D:7      | Killed Duvessa
  6100 | D:7      | Reached XP level 9. HP: 33/74 MP: 0/22
  6118 | D:7      | Killed Dowan
  6512 | D:7      | Reached skill level 7 in Spellcasting
  6533 | D:7      | Noticed Menkaure
  6544 | D:7      | Killed Menkaure
  6723 | D:7      | Found a hide-covered altar of Uskayaw.
  6723 | D:7      | Found a hazy altar of Hepliaklqana.
  7283 | D:7      | Noticed Harold
  7295 | D:7      | Killed Harold
  7295 | D:7      | Reached skill level 8 in Spellcasting
  7461 | D:7      | Learned a level 5 spell: Fireball
  7661 | D:8      | Found a shimmering altar of Xom.
  7668 | D:8      | Found a shimmering altar of Xom.
  7669 | D:8      | Found a shimmering altar of Xom.
  7669 | D:8      | Found a shimmering altar of Xom.
  7669 | D:8      | Found a shimmering altar of Xom.
  7838 | D:8      | Reached XP level 10. HP: 16/83 MP: 4/26
  8043 | D:8      | Found a staircase to the Lair.
  8287 | D:8      | Noticed Joseph
  8303 | D:8      | Killed Joseph
  8661 | D:8      | Noticed Grum
  8670 | D:8      | Killed Grum
  8670 | D:8      | Reached skill level 9 in Spellcasting
  9168 | D:8      | Noticed a two-headed hydra
  9200 | D:8      | Killed a two-headed hydra
 10058 | D:9      | Found a white marble altar of Elyvilon.
 10066 | D:9      | Found an ancient bone altar of Kikubaaqudgha.
 10209 | D:9      | Reached XP level 11. HP: 86/92 MP: 6/29
 10239 | D:9      | Found a staircase to the Orcish Mines.
 10251 | D:9      | Found a roughly hewn altar of Beogh.
 10637 | D:8      | HP: 2/92 [yak (12)]
 10640 | D:8      | Slain by a yak

Levels and vault maps discovered:
D:1:      elethiomel_arrival_shortcut, layout_rooms
D:2:      layout_basic, minmay_misc_feat_hallway, uniq_robin
D:3:      layout_basic, first_ration, uniq_terence
D:4:      layout_loops_ring, gammafunk_ghost_necromancy, serial_shops,
          shop_fountains
D:5:      layout_loops_ring, fedhas_altar_fruit_tree, basic_altar
D:6:      layout_basic, minmay_temple_entry_ruins, uniq_pikel
D:7:      layout_loops_ring, gammafunk_temple_overflow_elements, uniq_harold,
          uniq_duvessa, uniq_menkaure
D:8:      layout_loops_ring, erik_lair_orcish_takeover, hangedman_ranch
          [blue_anna_fruit_fields], xom_redecorated, uniq_grum, uniq_joseph
D:9:      layout_basic, kennysheep_mini_moat, minmay_orc_entry_temple_small,
          basic_altar, serial_shops, shop_fountains

Skill      XL: |  1  2  3  4  5  6  7  8  9 10 11 |
---------------+----------------------------------+-----
Conjurations   | 1 2 3 4 5 6 |  6.0
Spellcasting   | 2 3 4 6 8 9 |  9.8
Fighting       | 1 2 3 4 5 6 7 |  7.6
Fire Magic     | 3 4 5 7 |  7.8
Polearms       | 1 4 |  4.0
Dodging        | |  1.7
Stealth        | |  1.7

Action                   |  1- 3 |  4- 6 |  7- 9 | 10-12 || total
-------------------------+-------+-------+-------+-------++-------
Melee: Dagger            |    23 |       |       |       ||    23
       Unarmed           |     1 |       |       |       ||     1
       Short sword       |     8 |    66 |   131 |    81 ||   286
       Trident           |       |       |   112 |   106 ||   218
 Cast: Flame Tongue      |    63 |    58 |    50 |    26 ||   197
       Throw Flame       |    16 |     9 |     7 |     6 ||    38
       Conjure Flame     |       |     4 |     1 |     4 ||     9
       Sticky Flame      |       |     2 |    24 |    28 ||    54
       Fireball          |       |       |       |     9 ||     9
Evoke: Wand              |       |       |       |     1 ||     1
  Use: Scroll            |     2 |       |     9 |     3 ||    14
       Potion            |       |       |     2 |     1 ||     3
 Stab: Sleeping          |     2 |     3 |     5 |     5 ||    15
       Distracted        |       |       |       |     1 ||     1
  Eat: Chunk             |     4 |     8 |    14 |    12 ||    38
Armor: Robe              |    17 |       |       |       ||    17
       Animal skin       |       |    21 |    43 |    54 ||   118
Dodge: Dodged            |    40 |    41 |   188 |   171 ||   440
